 Dungeon Crawl Stone Soup version 0.28-a0-1167-g616b1c6417 (webtiles) character file.

Game seed: 9771612450985967652

25 LadyOphelia the Sneak (level 2, -1/13 HPs)
             Began as a Spriggan Enchanter on Dec 16, 2021.
             Slain by Robin (6 damage)
             ... on level 2 of the Dungeon.
             The game lasted 00:05:27 (1810 turns).

LadyOphelia the Sneak (Spriggan Enchanter)          Turns: 1810, Time: 00:05:27

Health: -1/13      AC:  2    Str:  4    XL:     2   Next: 82%
Magic:  1/6        EV: 17    Int: 16    God:
Gold:   45         SH:  0    Dex: 15    Spells: 3/6 levels left

rFire   . . .      SeeInvis +   a - +2 dagger
rCold   . . .      Faith    .   (shield restricted)
rNeg    . . .      Spirit   .   b - +0 robe
rPois   .          Reflect  .   (helmet restricted)
rElec   .          Harm     .   (no cloak)
rCorr   .          Rampage  .   (gloves unavailable)
Will    .....                   (boots unavailable)
Stlth   +++.......              (no amulet)
HPRegen 0.04/turn               (no ring)
MPRegen 0.10/turn               (no ring)

@: very quick
A: very small, no large weapons, unfitting armour, see invisible, speed 3
a: no special abilities


You were on level 2 of the Dungeon.
You visited 1 branch of the dungeon, and saw 2 of its levels.

You collected 45 gold pieces.

Inventory:

Hand Weapons
 a - a +2 dagger (weapon)
Armour
 b - a +0 robe (worn)
Scrolls
 d - a scroll of noise {unknown}
 f - a scroll of enchant armour
Potions
 c - a potion of invisibility
 e - a potion of curing {unknown}
 g - a potion of heal wounds {unknown}


   Skills:
 * Level 1.9 Short Blades
 * Level 3.3 Dodging
 + Level 4.6 Stealth
 + Level 2.9 Spellcasting
 + Level 3.9 Hexes


You had 3 spell levels left.
You knew the following spells:

 Your Spells              Type           Power      Damage    Failure   Level
a - Magic Dart            Conj           8%         1d3       19%         1
b - Ensorcelled Hibernat  Hex/Ice        16%        N/A       13%         2

Your spell library contained the following spells:

 Spells                   Type           Power      Damage    Failure   Level
 Confusing Touch          Hex            14%        N/A       12%         3
 Tukima's Dance           Hex            14%        N/A       12%         3
 Animate Skeleton         Necr           4%         N/A       19%         1
 Apportation              Tloc           4%         N/A       19%         1
 Summon Small Mammal      Summ           8%         N/A       19%         1
 Dazzling Flash           Conj/Hex       16%        N/A       26%         3
 Call Imp                 Summ           2%         N/A       28%         2
 Mephitic Cloud           Conj/Pois/Air  2%         N/A       50%         3


Dungeon Overview and Level Annotations

Branches:
Dungeon (2/15)

Altars:

Annotations:
D:2 Robin


Innate Abilities, Weirdness & Mutations

You are very small and have problems with some larger weapons.
You are too small for most types of armour.
You have supernaturally acute eyesight. (SInv)
You cover ground extremely quickly. (Speed+++)


Message History

Aim: Robin, wielding a +0 whip, wearing a +2 animal skin and wearing a +1 helmet (severely wounded, 100% to hit)
You miscast Magic Dart.
You are very lightly contaminated with residual magic.
Nothing appears to happen.
Robin roars a battlecry!
The hobgoblin goes into a battle-frenzy!
You hit Robin but do no damage.
Robin is severely wounded.
Robin misses you.
You hit Robin but do no damage.
Robin is severely wounded.
Robin laughs in a distinctly smug fashion.
Robin closely misses you.
You barely miss Robin.
Robin is severely wounded.
Robin misses you.
You closely miss Robin.
Robin is severely wounded.
The hobgoblin no longer looks unusually strong.
Robin barely misses you.
You hit Robin.
Robin is severely wounded.
Robin roars a battlecry!
The hobgoblin goes into a battle-frenzy!
You hit Robin but do no damage.
Robin is severely wounded.
Robin misses you.
You closely miss Robin.
Robin is severely wounded.
Robin misses you.
Your magical contamination has completely faded away.
You hit Robin but do no damage.
Robin is severely wounded.
You closely miss Robin.
Robin is severely wounded.
Robin completely misses you.
You hit Robin but do no damage.
Robin is severely wounded.
Robin hits you with a +0 whip.
You die...

######.#
#.@ggg.#
#.###### #.#
#.# ######.#
#...##.#
#.#.##.#
#.#.##.#
#####.#.##.#


You could see Robin and 2 hobgoblins.

Vanquished Creatures
  A dart slug (D:1)
  A bat (D:1)
  3 endoplasms
  A giant cockroach (D:1)
  4 goblins (D:2)
  2 hobgoblins
  3 quokkas (D:1)
  2 ball pythons (D:1)
  2 frilled lizards
  A rat (D:1)
20 creatures vanquished.

Notes
Turn   | Place    | Note
-------+----------+-------------------------------------------
     0 | D:1      | LadyOphelia the Spriggan Enchanter began the quest for the
                  | Orb.
     0 | D:1      | Reached XP level 1. HP: 9/9 MP: 5/5
   384 | D:1      | Learned a level 1 spell: Magic Dart
   609 | D:1      | Reached XP level 2. HP: 6/13 MP: 6/6
   919 | D:1      | Found a faded altar of an unknown god.
  1715 | D:2      | Learned a level 2 spell: Ensorcelled Hibernation
  1771 | D:2      | Noticed Robin
  1810 | D:2      | Slain by Robin

Illustrated notes

Levels and vault maps discovered:
D:1:      heliophobic_arrival_dark_side_of_the_moon, layout_basic,
          chequers_ecumenical_altar_grove
D:2:      layout_basic, uniq_robin

Skill      XL: |  1  2 |
---------------+-------+-----
Dodging        | 3 |  3.3
Short Blades   | |  1.9
Stealth        | |  4.6
Spellcasting   | |  2.9
Hexes          | |  3.9

Action                   || total
-------------------------++-------
Melee: Dagger            ||    96
 Cast: Magic Dart        ||     5
       Ensorcelled Hiber ||     1
  Use: Scroll            ||     2
 Stab: Sleeping          ||     5
Armor: Robe              ||     3
Dodge: Dodged            ||    68

Table legend: (Time is in decaauts)
 A = Elapsed time spent in this place.
 B = Non-inter-level travel time spent in this place.
 C = Inter-level travel time spent in this place.
 D = Time resting spent in this place.
 E = Time spent auto-exploring this place.
 F = Levels seen in this place.
 G = Mean time per level.
                   A        B        C        D        E       F      G
               +--------+--------+--------+--------+--------+-----+--------+
         Total |   1517 |   1503 |     14 |    963 |    357 |   2 |  758.5 |
       Dungeon |   1517 |   1503 |     14 |    963 |    357 |   2 |  758.5 |
               +--------+--------+--------+--------+--------+-----+--------+

Top non-repeatable levels by time:
     D:1: 1432 daAuts
     D:2: 84 daAuts
